 Dungeon Crawl Stone Soup version 0.23.2-1-ga50397a6bc (webtiles) character file.

Game seed: 8699997280448148833

3578 Gargoyl the Chopper (level 9, -8/75 HPs)
             Began as a Centaur Abyssal Knight on Apr 20, 2019.
             Was an Elder of Lugonu.
             Mangled by a deep elf mage
             ... wielding a +0 long sword of electrocution
              (16 damage)
             ... on level 7 of the Dungeon.
             The game lasted 00:14:48 (7659 turns).

Gargoyl the Chopper (Centaur Abyssal Knight)        Turns: 7659, Time: 00:14:48

Health: -8/75      AC:  8    Str: 18    XL:     9   Next: 84%
Magic:  13/13      EV: 12    Int: 11    God:    Lugonu [****..]
Gold:   462        SH:  4    Dex: 16    Spells: 8/8 levels left

rFire    + + .     SeeInvis .   p - +2 whip "Fyczadgh" {slash, Dex+5} (curse)
rCold    + . .     Gourm    .   b - +0 buckler
rNeg     . . .     Faith    .   t - +0 troll leather armour {Purgy}
rPois    .         Spirit   .   e - +0 helmet
rElec    .         Reflect  .   u - scarf {rC+ rF+}
rCorr    .         Harm     .   j - +0 pair of gloves
MR       .....                  (no barding)
Stlth    +.........             (no amulet)
HPRegen  0.62/turn              h - +2 ring of strength
MPRegen  0.13/turn              k - ring of protection from fire

@: very quick
A: large, hooves 3, deformed body, speed 2, tough skin 3
a: Depart the Abyss, Bend Space, Banish, Corrupt, Renounce Religion


You were on level 7 of the Dungeon.
You worshipped Lugonu.
Lugonu was greatly pleased with you.
You were not hungry.

You visited 1 branch of the dungeon, and saw 7 of its levels.
You visited the Abyss 1 time.
You also visited: Sewer and Bailey.

You collected 462 gold pieces.

Inventory:

Hand Weapons
 a - a +1 hand axe
 p - the cursed +2 whip "Fyczadgh" (weapon) {slash, Dex+5}
   (You found it on level 6 of the Dungeon)

   It inflicts extra damage upon your enemies.
   It affects your dexterity (+5).
   It has a curse placed upon it.
 y - a +0 war axe
Missiles
 m - 4 tomahawks (quivered)
 B - 8 javelins
Armour
 b - a +0 buckler (worn)
 e - a +0 helmet (worn)
 j - a +0 pair of gloves (worn)
 t - a +0 troll leather armour (worn) {Purgy}
 u - a scarf of resistance (worn)
Jewellery
 h - a +2 ring of strength (left hand)
 k - a ring of protection from fire (right hand)
 s - an uncursed ring of protection from cold
 z - an uncursed ring of stealth {unknown}
Wands
 l - a wand of polymorph (2)
 n - a wand of flame (10)
Scrolls
 d - 4 scrolls of identify
 o - 2 scrolls of remove curse
 q - 4 scrolls of teleportation
 v - 2 scrolls of amnesia
 A - 2 scrolls of torment
Potions
 f - a potion of haste
 g - a potion of brilliance
 i - 2 potions of flight
 r - a potion of cancellation
 w - 4 potions of curing {unknown}
 x - 2 potions of might {unknown}
Comestibles
 c - 11 rations
 C - a chunk of flesh


   Skills:
 + Level 5.9 Fighting
 + Level 6.5(6.7) Axes
 + Level 2.5(4.9) Maces & Flails
 + Level 0.8 Throwing
 * Level 4.6 Armour
 * Level 5.2 Dodging
 + Level 1.0 Shields
 * Level 6.3 Invocations
 + Level 0.1 Evocations


You had 8 spell levels left.
You didn't know any spells.
Your spell library contained the following spells:

 Spells                   Type           Power        Failure   Level  Hunger
 Summon Small Mammal      Summ           #...         50%         1    ##.....
 Call Imp                 Summ           #.......     63%         2    ###....
 Call Canine Familiar     Summ           #.......     86%         3    ####...
 Summon Guardian Golem    Hex/Summ       #.......     86%         3    ####...
 Summon Ice Beast         Ice/Summ       #.......     99%         4    #####..
 Summon Lightning Spire   Summ/Air       #.......     99%         4    #####..


Dungeon Overview and Level Annotations

Branches:
Dungeon (7/15)             Temple (0/1) D:7

Altars:
Elyvilon
Qazlal
Sif Muna
Vehumet
Wu Jian
Yredelemnul
The Shining One

Shops:
D:6 :

Annotations:
D:7 DildoBatman's ghost, novice FoWz
Abyss:1 Grinder; Joseph


Innate Abilities, Weirdness & Mutations

You have hooves in place of feet.
Armour fits poorly on your strangely shaped body.
You cover ground very quickly.
You have extremely tough skin. (AC +3)


Message History

The deep elf mage casts a spell.
Welcome back to the Dungeon!
Level annotation: DildoBatman's ghost, novice FoWz
There is an empty arch of ancient stone here.
You hit the deep elf mage but do no damage.
The deep elf mage is heavily wounded.
The deep elf mage closely misses you.
You barely miss the deep elf mage.
You kick the deep elf mage, but do no damage.
The deep elf mage is heavily wounded.
You hit the deep elf mage. Your kick misses the deep elf mage.
The deep elf mage is heavily wounded.
The deep elf mage hits you with a +0 long sword of electrocution.
You are electrocuted!!
* * * LOW HITPOINT WARNING * * *
You barely miss the deep elf mage. You kick the deep elf mage.
The deep elf mage is severely wounded.
The deep elf mage hits you but does no damage.
You are electrocuted!
You die...

#..........####.#
###.#####......>..#
#...# #.#########
#.#.#####.###
#.....8(....##
#..8.....8....
#.....÷.....#. #####
#............. ##....
#8....@e...8.. #..###
#......?....#. #.##..
#...........# #.#8.#
#..8.....8.... ##.#!.?
#.....8....... ##..#...
#............. #..©#...
###########.####...#...
.#......#...
#.####.#8.#


You could see a deep elf mage.

Vanquished Creatures
  A deep elf mage (Bailey)
  A hippogriff (D:6)
  A hungry ghost (D:7)
  Duvessa (D:4)
  Purgy (Sewer)
  A sky beast (D:5)
  2 phantoms
  2 necrophages (D:5)
  3 ogres
  3 centaurs
  A big kobold (Sewer)
  4 bullfrogs
  Dowan (D:4)
  A scorpion (D:4)
  A crimson imp (D:5)
  2 quasits
  3 hounds
  2 jellies
  A gnoll shaman (D:7)
  3 orc priests
  2 orc wizards
  Natasha (D:2)
  2 iguanas
  4 worker ants
  A hound skeleton (D:5)
  Robin (D:2)
  5 gnolls (D:7)
  11 adders
  A shadow imp (D:7)
  An adder skeleton (D:4)
  5 worms
  4 dart slugs
  10 leopard geckos
  14 orcs
  9 giant cockroaches
  22 goblins
  10 hobgoblins
  7 jackals
  7 kobolds
  4 quokkas
  2 ball pythons
  13 bats
  11 frilled lizards
  A quokka skeleton (D:4)
  7 rats
190 creatures vanquished.

Vanquished Creatures (others)
  A meliai (D:6)
  2 starspawn tentacles (Abyss:1)
3 creatures vanquished.

Grand Total: 193 creatures vanquished

Notes
Turn   | Place    | Note
-------+----------+-------------------------------------------
     0 | Abyss:1  | Gargoyl the Centaur Abyssal Knight began the quest for the
                  | Orb.
     0 | Abyss:1  | Reached XP level 1. HP: 19/19 MP: 2/2
    46 | Abyss:1  | Noticed a neqoxec
    66 | Abyss:1  | Noticed a hellwing
    92 | Abyss:1  | Noticed a tentacled starspawn
    94 | Abyss:1  | Noticed a tentacled starspawn
   101 | Abyss:1  | Noticed a worldbinder
   103 | D:1      | Escaped the Abyss
   225 | D:1      | Reached XP level 2. HP: 19/26 MP: 3/3
   344 | D:1      | Reached * piety under Lugonu
   488 | D:1      | Reached skill level 1 in Dodging
   598 | D:1      | Reached XP level 3. HP: 30/31 MP: 4/4
  1292 | D:2      | Found a faded altar of an unknown god.
  1355 | D:2      | Noticed Robin
  1362 | D:2      | Reached ** piety under Lugonu
  1376 | D:2      | Reached XP level 4. HP: 22/39 MP: 5/5
  1379 | D:2      | Killed Robin
  2284 | D:2      | Noticed Natasha
  2294 | D:2      | Killed Natasha
  2294 | D:2      | Reached XP level 5. HP: 32/46 MP: 7/7
  2720 | D:3      | Found a glowing drain.
  2729 | D:3      | Reached *** piety under Lugonu
  2741 | Sewer    | Entered a sewer
  2791 | Sewer    | Noticed Purgy
  2801 | Sewer    | Killed Purgy
  2930 | Sewer    | Reached XP level 6. HP: 25/52 MP: 8/8
  3050 | D:3      | Found a stormy altar of Qazlal.
  3727 | D:4      | Noticed Grinder
  3742 | D:4      | Noticed Duvessa
  3967 | D:3      | Reached XP level 7. HP: 49/59 MP: 9/9
  4005 | D:4      | Found a radiant altar of Vehumet.
  4044 | D:4      | Paralysed by Grinder for 2 turns
  4188 | D:3      | Banished Grinder
  4274 | D:4      | Killed Duvessa
  4672 | D:4      | Found a glowing golden altar of the Shining One.
  4862 | D:4      | Noticed Dowan
  4877 | D:4      | Killed Dowan
  4877 | D:4      | Reached XP level 8. HP: 47/67 MP: 11/11
  4924 | D:5      | Entered Level 5 of the Dungeon
  5191 | D:5      | Reached skill level 5 in Axes
  5427 | D:5      | Reached skill level 5 in Fighting
  5533 | D:5      | Reached **** piety under Lugonu
  5539 | D:5      | Found a basalt altar of Yredelemnul.
  5652 | D:5      | Found an ornate altar of the Wu Jian Council.
  5653 | D:5      | Found a deep blue altar of Sif Muna.
  5894 | D:6      | Reached skill level 5 in Invocations
  6102 | D:6      | Noticed a hippogriff
  6115 | D:6      | Noticed a meliai
  6115 | D:6      | a yak changed into a meliai
  6116 | D:6      | Banished a meliai
  6116 | D:6      | Reached XP level 9. HP: 63/74 MP: 12/12
  6468 | D:6      | Found Ohalaik's Book Boutique.
  6513 | D:6      | Got a warped whip
  6514 | D:6      | Identified the cursed +2 whip "Fyczadgh" {slash, Dex+5}
                  | (You found it on level 6 of the Dungeon)
  6841 | D:7      | Noticed DildoBatman's ghost (novice FoWz)
  6842 | D:7      | Found a transporter.
  6850 | D:7      | Found a transporter.
  7041 | D:7      | Found a white marble altar of Elyvilon.
  7243 | D:7      | Reached skill level 1 in Maces & Flails
  7271 | D:7      | Noticed Joseph
  7300 | D:7      | Banished Joseph
  7360 | D:7      | Found a flagged portal.
  7412 | D:7      | Reached skill level 5 in Dodging
  7457 | D:7      | Found a staircase to the Ecumenical Temple.
  7571 | Bailey   | Entered a bailey
  7577 | Bailey   | Noticed a deep elf mage
  7590 | Bailey   | Killed a deep elf mage
  7590 | Bailey   | Reached skill level 1 in Shields
  7629 | Bailey   | Noticed a deep elf mage
  7629 | Bailey   | Noticed a deep elf mage
  7642 | Bailey   | Noticed a deep elf mage
  7659 | D:7      | Mangled by a deep elf mage

Skill      XL: |  1  2  3  4  5  6  7  8  9 |
---------------+----------------------------+-----
Axes           | 2 3 4 5 6 |  6.5
Dodging        | 1 2 3 4 5 |  5.2
Armour         | 2 3 4 |  4.6
Invocations    | 3 4 5 6 |  6.3
Fighting       | 4 5 |  5.9
Maces & Flails | 2 |  2.5
Shields        | 1 |  1.0
Throwing       | |  0.8
Evocations     | |  0.1

Action                   |  1- 3 |  4- 6 |  7- 9 || total
-------------------------+-------+-------+-------++-------
Melee: Hand axe          |   113 |   225 |   274 ||   612
       Kick              |    19 |    40 |   122 ||   181
       Whip              |       |       |   183 ||   183
Throw: Tomahawk          |       |     8 |       ||     8
Invok: Depart the Abyss  |     1 |       |       ||     1
       Banish            |       |       |     4 ||     4
Evoke: Wand              |       |       |     3 ||     3
  Use: Scroll            |     4 |     4 |     6 ||    14
       Potion            |     1 |     1 |     8 ||    10
  Eat: Chunk             |       |     8 |    12 ||    20
       Ration            |       |       |     2 ||     2
Armor: Leather armour    |    41 |    73 |       ||   114
       Troll leather arm |       |    45 |   199 ||   244
Dodge: Dodged            |    70 |   118 |   259 ||   447
Block: Buckler           |       |       |    43 ||    43
